Map: Astillero orbital

Players

Xandros - Winner!

  • Race: Terran Terran

IA (Muy fácil) 1

  • Race: Terran Terran

VOD

Have the link to the VOD?

Description

Time

  • Played on: Nov. 20, 2015, 8:45 a.m.
  • Length: 11:53
Show
View Real Time Build Order
Export as new Build Order

Xandros Terran - Winner!

Build Orders:  

Get SALT Encoding   

  12  0:04  SCV  
  13  0:16  SCV  
  14  0:29  SCV, Supply Depot  
  15  0:51  SCV  
  15  0:53  Barracks  
  16  1:03  SCV  
  17  1:18  SCV  
  18  1:24  Command Center, Refinery  
  18  1:34  SCV  
  19  1:42  Supply Depot  
  19  1:43  Engineering Bay  
  19  1:47  SCV  
  20  1:59  SCV  
  21  2:06  Refinery  
  21  2:11  Reaper  
  22  2:20  SCV  
  23  2:33  Bunker  
  23  2:39  SCV  
  23  2:43  Reaper  
  25  2:55  Orbital Command  
  25  3:15  Marine  
  26  3:33  Marine  
  27  3:51  Marine  
  27  4:09  Marine  
  27  4:19  SCV  
  27  4:22  SCV  
  29  4:31  SCV  
  30  4:34  SCV  
  31  4:39  Factory  
  31  4:41  Factory  
  31  4:43  SCV  
  32  4:51  Planetary Fortress  
  32  4:53  Sensor Tower  
  32  5:08  SCV  
  33  5:14  Marine  
  33  5:20  SCV  
  35  5:29  Factory Tech Lab  
  35  5:30  Hellion  
  37  5:41  Armory  
  37  5:47  SCV  
  37  5:49  SCV, Refinery x2  
  39  5:59  SCV  
  40  6:09  Supply Depot  
  40  6:13  Hellion  
  40  6:16  Cyclone  
  45  6:31  Supply Depot  
  45  6:34  Factory Tech Lab  
  45  6:48  Cyclone  
  48  6:54  Supply Depot  
  48  7:11  Supply Depot  
  48  7:14  SCV  
  47  7:18  SCV  
  47  7:20  Command Center  
  45  7:28  Terran Vehicle And Ship Armor Level 1  
  45  7:31  Hellion  
  45  7:34  Supply Depot, Hellion  
  49  7:54  Infernal Pre-Igniter  
  49  7:57  Mag-Field Accelerator  
  49  8:01  Cyclone, Hellion  
  54  8:23  Hellion  
  56  8:34  Hellion  
  58  8:49  SCV  
  61  8:56  Hellion, Cyclone  
  61  9:01  SCV  
  65  9:13  SCV  
  68  9:17  Hellion  
  68  9:28  Cyclone  
  73  9:38  Hellion  
  73  9:52  SCV  
  76  10:00  Hellion, Cyclone  
  79  10:16  SCV  
  82  10:21  Hellion  
  82  10:24  SCV  
  82  10:28  SCV  
  84  10:32  Hellion  
  86  10:35  Orbital Command  
  88  10:43  Hellion  
  88  10:53  Cyclone  
  93  11:04  Hellion  
  96  11:29  SCV  
  96  11:32  Hellion  
Show
View Real Time Build Order
Export as new Build Order

IA (Muy fácil) 1 Terran 

Build Orders:  

Get SALT Encoding   

  12  0:00  SCV  
  13  0:13  SCV  
  14  0:19  Supply Depot  
  14  0:37  Refinery  
  14  0:46  Barracks  
  14  1:01  Supply Depot  
  14  1:11  Refinery  
  14  1:28  SCV  
  15  1:33  Marine  
  16  1:41  SCV  
  17  1:53  SCV  
  18  2:03  Marine  
  18  2:05  SCV  
  20  2:17  SCV  
  21  2:29  SCV  
  22  2:33  Marine  
  23  2:42  Orbital Command  
  23  3:54  Marine  
  24  3:59  Supply Depot  
  23  4:22  Marine  
  24  5:37  SCV, Barracks Tech Lab  
  24  5:40  Factory  
  25  5:47  Command Center  
  26  5:50  SCV  
  26  5:54  Supply Depot  
  26  5:56  Marauder  
  28  6:02  SCV  
  29  6:14  SCV  
  26  6:26  SCV, Starport, Marine  
  28  6:57  Marine  
  28  7:00  SCV  
  30  7:07  SCV  
  31  7:09  Refinery, Starport Tech Lab  
  31  7:10  Refinery  
  31  7:15  SCV  
  32  7:22  SCV  
  33  7:28  Raven, Marine  
  33  7:29  SCV  
  38  7:37  SCV  
  39  7:44  SCV  
  39  7:51  SCV  
  40  7:58  SCV  
  40  7:59  Marine  
  42  8:05  SCV  
  42  8:11  Raven  
  45  8:13  SCV  
  46  8:20  SCV  
  47  8:27  SCV  
  48  8:34  SCV  
  49  8:41  SCV  
  50  9:03  SCV  
  50  9:10  Marine  
  45  9:19  Raven  
  44  9:39  Hellion  
  44  9:42  Supply Depot  
  44  9:48  SCV  
  39  9:55  SCV  
  33  10:02  Starport Tech Lab  
  33  10:03  SCV  
  23  10:10  SCV  
  23  10:17  SCV  
  23  10:24  SCV  
  23  10:33  Marine  
  24  10:39  SCV, Supply Depot  
  24  10:51  SCV  
  21  11:03  Supply Depot  
  21  11:13  Barracks  
  19  11:30  Supply Depot  
Tags
 
Add a new tag
Caveats
  • Supply blocks, unpowered buildings, or Contaminate may cause inaccurate times.
  • Supply counts are checked every 10 seconds.